 Dungeon Crawl Stone Soup version 0.26.0-11-g8f856b5395 (webtiles) character file.

Game seed: 6362550875940189457

18091 teolandon225 the Severer (level 12, -7/108 HPs)
             Began as a Hill Orc Monk on Jan 14, 2021.
             Was a High Priest of Beogh.
             Mangled by an 11-headed hydra (11 damage)
             ... on level 2 of the Lair of Beasts on Jan 15, 2021.
             The game lasted 00:36:59 (18012 turns).

teolandon225 the Severer (Hill Orc Monk)           Turns: 18012, Time: 00:36:59

Health: -7/108     AC: 19    Str: 19    XL:     12   Next: 54%
Magic:  20/20      EV: 21    Int: 13    God:    Beogh [*****.]
Gold:   719        SH: 10    Dex: 13    Spells: 11/11 levels left

rFire    . . .     SeeInvis .   N - +1 war axe "Piumekk" {vorpal, Will+ Int+3}
rCold    . . .     Faith    .   K - +0 kite shield
rNeg     . . .     Spirit   .   n - +1 plate armour
rPois    .         Reflect  .   H - +0 helmet
rElec    .         Harm     .   C - +0 cloak
rCorr    .         Rampage  .   x - +0 pair of gloves
Will     +....                  y - +0 pair of boots
Stlth    ..........             f - amulet of the acrobat
HPRegen  0.28/turn              (no ring)
MPRegen  0.17/turn              (no ring)

@: lethally poisoned (-7 -> -8), acrobat
A: walk on water
a: Renounce Religion, Smiting, Recall Orcish Followers, Give Item to Named
Follower


You were on level 2 of the Lair of Beasts.
You worshipped Beogh.
Beogh was extremely pleased with you.
You visited 2 branches of the dungeon, and saw 12 of its levels.
You also visited: Sewer and Ossuary.

You collected 719 gold pieces.

Inventory:

Hand Weapons
 a - a +1 hand axe
 B - a +1 war axe of freezing
 F - a +0 war axe of electrocution
 N - the +1 war axe "Piumekk" (weapon) {vorpal, Will+ Int+3}
   (You found it on level 2 of the Lair of Beasts)

   It inflicts extra damage upon your enemies.
   It affects your intelligence (+3).
   It affects your willpower, your defense against some magical effects.
 O - the +9 dagger of False Accusations {vorpal, rC+, unknown}
   (You found it on level 2 of the Lair of Beasts)

   It inflicts extra damage upon your enemies.
   It protects you from cold.
Armour
 n - a +1 plate armour (worn)
 x - a +0 pair of gloves (worn)
 y - a +0 pair of boots (worn)
 C - a +0 cloak (worn)
 H - a +0 helmet (worn)
 K - a +0 kite shield (worn)
Magical Staves
 A - an uncursed staff of death
Jewellery
 f - an amulet of the acrobat (around neck)
 E - an uncursed ring of ice
Wands
 l - a wand of random effects (45)
 r - a wand of paralysis (3)
 t - a wand of iceblast (11)
 u - a wand of flame (10)
 L - a wand of enslavement (7)
Scrolls
 c - 11 scrolls of teleportation
 e - 6 scrolls of remove curse
 p - 3 scrolls of enchant weapon
 v - 4 scrolls of amnesia
 z - a scroll of summoning
 I - 3 scrolls of enchant armour
 J - 2 scrolls of fear
 M - a scroll of magic mapping
Potions
 d - a potion of lignification
 g - 3 potions of mutation
 h - a potion of heal wounds
 i - a potion of haste {unknown}
 j - 5 potions of curing
 k - 2 potions of invisibility {unknown}
 m - 3 potions of brilliance
 o - 3 potions of flight
 q - 7 potions of degeneration
 s - 2 potions of berserk rage {unknown}
 D - a potion of magic {unknown}
 G - a potion of cancellation {unknown}


   Skills:
 + Level 10.6 Fighting
 * Level 15.2 Axes
 + Level 6.4 Armour
 - Level 5.5 Dodging
 - Level 3.9 Stealth
 + Level 6.7 Shields
 + Level 11.2 Invocations


You had 11 spell levels left.
You didn't know any spells.
Your spell library contained the following spells:

 Spells                   Type           Power        Failure   Level
 Animate Skeleton         Necr           0%           100%        1
 Foxfire                  Conj/Fire      0%           100%        1
 Pain                     Necr           0%           100%        1
 Conjure Flame            Conj/Fire      0%           100%        3
 Inner Flame              Hex/Fire       0%           100%        3
 Vampiric Draining        Necr           0%           100%        3
 Animate Dead             Necr           0%           100%        4
 Sticky Flame             Conj/Fire      0%           100%        4
 Agony                    Necr           0%           100%        5
 Fireball                 Conj/Fire      0%           100%        5


Dungeon Overview and Level Annotations

Branches:
Dungeon (10/15)            Temple (0/1) D:7            Lair (2/6) D:9
  Snake (0/4) Lair:2          Orc (0/2) D:10          Sewer (visited)
Ossuary (visited)
  Swamp: Lair:2-4    Shoals: Lair:2-4

Altars:
Elyvilon
Fedhas
Kikubaaqudgha
Makhleb
Nemelex Xobeh
Qazlal
Ru
Sif Muna
Uskayaw
Vehumet
Wu Jian
Xom
Yredelemnul
The Shining One

Portals:
Trove: D:10 (show slimy rune of Zot)

Annotations:
D:4 exclusion: downstairs
D:10 3 runed translucent doors, exclusion: orange crystal statue


Message History

The 11-headed hydra bites your orc warrior!
Your orc warrior dies!
You feel sick.
You feel sick.
You close the door.
Evoke which item? (* to show all) (? for menu, Esc to quit)
Okay, then.
Unknown command.
You feel sick.
You feel sick.
You feel sick.
The 11-headed hydra bites you but does no damage.
The 11-headed hydra barely misses you.
The 11-headed hydra bites you but does no damage.
You block the 11-headed hydra's attack. x2; The 11-headed hydra bites you.
* * * LOW HITPOINT WARNING * * *
You block the 11-headed hydra's attack.
The 11-headed hydra bites you but does no damage.
The 11-headed hydra bites you!
You die...

#oo.÷.#|≈≈≈h###[#o♣oo...#♣...♣#.o
#.♣♣♣.#.≈≈≈.)S#÷#.oo.♣..oo....#.o
#oo(oo#:≈≈≈S#.#.##♣...o.#♣o..♣#.o
#♣♣♣♣o#♣.#.♣#h#..#♣.♣♣♣.#♣...♣#.o
#.o.o.#♣♣.♣ #)#..##.♣ ♣.#♣...♣#.o
#o♣♣♣♣#♣.≈ #.##+##.♣ ♣.#♣...♣#.o
#.o...#.≈ #S.h..#.♣ ♣.#♣♣.♣♣#.o
#♣♣♣♣o#♣ #.♣♣♣D#.♣ ♣.# ♣.♣ #.o
♣.o.# #...@.#.. ..# ♣.♣ #.o #o###
###†##### ## #.# #.o ♣o♣♣
♣♣♣♣♣♣.♣♣♣♣♣ ♣.♣ #.o ♣.♣.♣
♣...........♣ ♣o♣ #.o #♣.♣†♣#
♣.♣♣♣♣♣♣♣♣♣.♣ ♣♣o♣♣#.o #.♣♣♣.#
♣.oo..o.♣.♣ ♣.o.♣#.o #.♣.♣.#
♣o♣####o♣.♣ ♣.o[♣#.o #.♣.♣.#
♣o♣#.o#o♣.♣ ♣.o.♣#.o #†♣†♣.##
♣o♣#oo#.♣o♣ ##♣.o.♣#.o


You could see a 11-headed hydra.

Vanquished Creatures
  A vault guard (D:10)
  6 cane toads
  Psyche (D:10)
  A black mamba (Lair:2)
  2 rime drakes (Lair:2)
  4 komodo dragons
  2 trolls (D:10)
  4 spriggans (Lair:1)
  A wraith (D:10)
  8 yaks
  5 water moccasins
  3 ice beasts
  2 phantoms
  An orc warrior (D:5)
  4 ogres
  9 wolves
  7 centaurs
  2 elf zombies (Ossuary)
  7 bullfrogs
  5 big kobolds (Sewer)
  A scorpion (D:4)
  4 wights (D:10)
  4 killer bees
  8 howler monkeys
  2 centaur zombies
  3 bullfrog zombies
  4 hounds
  A quasit (D:8)
  A bullfrog skeleton (D:7)
  3 human zombies (Ossuary)
  2 jellies
  2 orc priests
  4 orc wizards
  5 iguanas
  4 worker ants
  A hound zombie (D:5)
  2 mummies (Ossuary)
  3 gnolls
  14 adders
  2 shadow imps
  A white imp (D:8)
  4 ufetubi
  2 oozes (Sewer)
  An adder zombie (Ossuary)
  2 adder skeletons
  4 worms
  2 dart slugs
  3 leopard geckos
  11 orcs
  9 bats
  7 giant cockroaches
  10 goblins
  4 hobgoblins
  2 jackals (D:3)
  10 kobolds
  6 quokkas
  A ball python (Sewer)
  A ball python skeleton (D:5)
  4 frilled lizards
  2 goblin zombies (Ossuary)
  10 hobgoblin zombies (Ossuary)
  2 jackal zombies (Ossuary)
  10 kobold zombies (Ossuary)
  A leopard gecko zombie (D:7)
  6 orc zombies (Ossuary)
  A quokka skeleton (D:4)
  21 rats
  A spectral orc (D:8)
283 creatures vanquished.

Vanquished Creatures (collateral kills)
  A hydra (Lair:1)
  A two-headed ogre (D:10)
  2 black mambas (Lair:2)
  6 cane toads
  Maggie (D:8)
  4 komodo dragons (Lair:2)
  A troll (D:7)
  A polar bear (Lair:2)
  A spriggan (Lair:1)
  A basilisk (Lair:2)
  5 nagas (Lair:2)
  7 water moccasins
  2 orc warriors
  A phantom (D:9)
  An ogre (D:9)
  A wolf (Lair:2)
  2 centaurs
  A bullfrog (Lair:2)
  2 scorpions
  5 killer bees
  2 wights (D:10)
  2 howler monkeys (D:10)
  A centaur zombie (D:6)
  3 hounds
  A jelly (D:9)
  2 orc wizards
  A hell rat (Lair:2)
  3 worker ants
  A howler monkey zombie (D:8)
  2 white imps
  3 orcs
  A quokka (D:7)
68 creatures vanquished.

Vanquished Creatures (others)
  2 orc knights (Lair:2)
  5 orc warriors
  2 orc priests
  2 orc wizards (D:10)
  A howler monkey zombie (D:5)
  4 orcs
  A fungus (Lair:2)
  7 plants
24 creatures vanquished.

Grand Total: 375 creatures vanquished

Notes
Turn   | Place    | Note
-------+----------+-------------------------------------------
     0 | D:1      | teolandon225 the Hill Orc Monk began the quest for the Orb.
     0 | D:1      | Reached XP level 1. HP: 19/19 MP: 1/1
    59 | D:1      | Reached XP level 2. HP: 16/27 MP: 2/2
   984 | D:2      | Found an ornate altar of the Wu Jian Council.
   986 | D:2      | Found a sparkling altar of Nemelex Xobeh.
  1034 | D:2      | Reached XP level 3. HP: 33/33 MP: 3/3
  1212 | D:2      | Found a stormy altar of Qazlal.
  1637 | D:2      | Reached skill level 5 in Axes
  1700 | D:2      | Found a burning altar of Makhleb.
  2127 | D:3      | Reached XP level 4. HP: 39/40 MP: 4/4
  2882 | D:3      | Reached XP level 5. HP: 44/47 MP: 5/5
  3081 | D:4      | Found a glowing drain.
  3187 | Sewer    | Entered a sewer
  3207 | Sewer    | Noticed a big kobold
  3251 | Sewer    | Killed a big kobold
  3252 | Sewer    | Reached skill level 6 in Axes
  3303 | Sewer    | Reached XP level 6. HP: 39/53 MP: 6/6
  3938 | Sewer    | Reached skill level 5 in Fighting
  4042 | Sewer    | Reached skill level 7 in Axes
  4042 | Sewer    | Reached XP level 7. HP: 58/61 MP: 7/7
  4832 | D:4      | Found a sacrificial altar of Ru.
  4884 | D:4      | Found a blossoming altar of Fedhas.
  5649 | D:4      | Reached skill level 8 in Axes
  5897 | D:4      | Found a glowing golden altar of the Shining One.
  6341 | D:5      | Entered Level 5 of the Dungeon
  6365 | D:5      | Reached XP level 8. HP: 69/70 MP: 8/8
  6698 | D:5      | Became a worshipper of Beogh the Brigand
  6698 | D:5      | Reached * piety under Beogh
  6698 | D:5      | Reached ** piety under Beogh
  6998 | D:5      | Found a hide-covered altar of Uskayaw.
  7074 | D:5      | Reached skill level 1 in Invocations
  7697 | D:6      | Reached skill level 9 in Axes
  7759 | D:6      | Found a sand-covered staircase.
  7764 | Ossuary  | Entered an ossuary
  8165 | Ossuary  | Reached *** piety under Beogh
  8321 | D:6      | Reached XP level 9. HP: 75/78 MP: 12/12
  8673 | D:5      | Reached skill level 10 in Axes
  8673 | D:5      | Reached skill level 5 in Invocations
  8879 | D:6      | Found a hide-covered altar of Uskayaw.
  9680 | D:7      | Found a staircase to the Ecumenical Temple.
  9887 | D:7      | Reached skill level 5 in Dodging
 10388 | D:7      | Noticed a troll
 10391 | D:7      | Killed a troll
 10500 | D:7      | Found a shimmering altar of Xom.
 10635 | D:7      | Found a white marble altar of Elyvilon.
 10751 | D:8      | Reached skill level 11 in Axes
 10863 | D:8      | Identified the +8 whip "Yluetzo" {freeze, +Inv +Fly rF+
                  | Str+4}
 10920 | D:8      | Reached **** piety under Beogh
 11008 | D:8      | Reached XP level 10. HP: 88/88 MP: 15/15
 11079 | D:8      | Noticed Maggie
 11089 | D:8      | Killed Maggie
 11315 | D:8      | Found a basalt altar of Yredelemnul.
 11958 | D:9      | Found an ancient bone altar of Kikubaaqudgha.
 11987 | D:9      | Reached skill level 1 in Armour
 11987 | D:9      | Reached skill level 1 in Shields
 11988 | D:9      | Found a staircase to the Lair.
 12241 | D:9      | Reached skill level 12 in Axes
 12489 | D:9      | Found a radiant altar of Vehumet.
 12494 | D:9      | Found a shimmering blue altar of Sif Muna.
 12499 | D:9      | Identified Kikubaaqudgha's Reference Book on Stolen Souls
 12776 | D:10     | Entered Level 10 of the Dungeon
 12849 | D:10     | Found a runed translucent door.
 12890 | D:10     | Gained Bolgrim as an ally
 13012 | D:10     | Found a runed translucent door.
 13023 | D:10     | Found a runed translucent door.
 13101 | D:10     | Found a runed translucent door.
 13150 | D:10     | Noticed a vault guard
 13165 | D:10     | Killed a vault guard
 13169 | D:10     | Found a portal to a secret trove of treasure.
 13340 | D:10     | Reached XP level 11. HP: 82/95 MP: 17/17
 13453 | D:10     | Reached ***** piety under Beogh
 13552 | D:10     | Reached skill level 13 in Axes
 13597 | D:10     | Noticed a two-headed ogre
 13603 | D:10     | Noticed Psyche
 13605 | D:10     | Killed a two-headed ogre
 13606 | D:10     | Found a staircase to the Orcish Mines.
 13612 | D:10     | Killed Psyche
 13789 | D:10     | Noticed an orange crystal statue
 13863 | Lair:1   | Entered Level 1 of the Lair of Beasts
 14661 | Lair:1   | Reached skill level 10 in Invocations
 14788 | Lair:1   | Noticed a four-headed hydra
 14797 | Lair:1   | Killed a nine-headed hydra
 15259 | Lair:2   | Reached skill level 5 in Shields
 15499 | Lair:2   | Reached skill level 14 in Axes
 15651 | Lair:2   | Reached skill level 5 in Armour
 15789 | Lair:2   | Found a staircase to the Snake Pit.
 16456 | Lair:2   | Reached skill level 10 in Fighting
 16470 | Lair:2   | Reached XP level 12. HP: 64/106 MP: 19/19
 16702 | Lair:2   | Gained Hawl as an ally
 17722 | Lair:2   | Reached skill level 15 in Axes
 17859 | Lair:2   | Got a fading war axe
 17861 | Lair:2   | Got a bloodstained dagger
 17967 | Lair:2   | Identified the cursed +1 war axe "Piumekk" {vorpal, Will+
                  | Int+3} (You found it on level 2 of the Lair of Beasts)
 17988 | Lair:2   | Noticed a seven-headed hydra
 17998 | Lair:2   | Your ally Bolgrim died
 18004 | Lair:2   | Your ally Hawl died
 18012 | Lair:2   | HP: 4/108 [11-headed hydra (5)]
 18012 | Lair:2   | Mangled by an 11-headed hydra

Illustrated notes

Levels and vault maps discovered:
D:1:      lightli_arrival_noodles, layout_loops_cross
D:2:      layout_loops_ring, lightli_temple_of_fire,
          nicolae_overflow_hidden_temple, nicolae_qazlal_eye_of_the_storm
D:3:      layout_basic
D:4:      layout_loops_corners, nicolae_ru_the_path_less_chosen,
          general_overflow_altar, gup_sewer_entry_glass, fedhas_ov_isle_minmay
D:5:      layout_rooms, lemuel_statue_altar
D:6:      layout_basic, eat_drink_and_be_merry_uskayaw, enter_ossuary_2,
          grunt_ministairs_4, glass_columns_b
D:7:      layout_cave_pools, old_standard_altar, kennysheep_mini_moat,
          minmay_temple_entry_wispy
D:8:      layout_basic, yredelemnul_forgotten_temple_becter, uniq_maggie
D:9:      layout_loops_cross, grunt_temple_overflow_magic_moments,
          lair_entry_dummy
D:10:     layout_loops_ring, david_orc_3, enter_trove_5,
          minmay_statue_crystal_thing, uniq_psyche
Lair:1:   kb_forest_paths, layout_cave_shapes, chequers_serial_rivers_marsh
Lair:2:   nzn_winding_woodlands_huge [nzn_winding_woodlands_5x15_sidewinder,
          nzn_winding_woodlands_5x15_eye, nzn_winding_woodlands_5x15_pool,
          nzn_winding_woodlands_5x15_pockets,
          nzn_winding_woodlands_5x15_split_checker,
          nzn_winding_woodlands_5x15_sawtooth, nzn_winding_woodlands_5x15_twine,
          nzn_winding_woodlands_5x15_default,
          nzn_winding_woodlands_5x15_default,
          nzn_winding_woodlands_5x15_concentric,
          nzn_winding_woodlands_center_lodge,
          nzn_winding_woodlands_center_triple_pond,
          nzn_winding_woodlands_15x15_boxy_spiral], layout_regular_city,
          minmay_snake_entry_guardpost_medium

Skill      XL: |  1  2  3  4  5  6  7  8  9 10 11 12 |
---------------+-------------------------------------+-----
Fighting       | 4 5 6 7 8 10 | 10.6
Stealth        | 2 3 |  3.9
Axes           | 5 6 7 8 9 11 12 14 15 | 15.2
Dodging        | 3 4 5 |  5.5
Invocations    | 4 7 9 10 11 | 11.2
Armour         | 3 5 6 |  6.4
Shields        | 3 5 6 |  6.7

Action                   |  1- 3 |  4- 6 |  7- 9 | 10-12 || total
-------------------------+-------+-------+-------+-------++-------
Melee: Hand axe          |   112 |   280 |   434 |       ||   826
       War axe           |       |       |   137 |   565 ||   702
Invok: Convert to Beogh  |       |       |     1 |       ||     1
       Recall Orcish Fol |       |       |       |     3 ||     3
       Give Item to Name |       |       |       |     1 ||     1
  Use: Scroll            |     3 |     2 |     7 |     9 ||    21
       Potion            |       |     2 |     2 |     2 ||     6
 Stab: Sleeping          |     4 |       |       |       ||     4
       Distracted        |       |       |     1 |     3 ||     4
       Confused          |       |       |       |     1 ||     1
Armor: Robe              |    17 |       |       |       ||    17
       Plate armour      |     3 |   143 |   306 |   243 ||   695
       Skin              |       |    17 |       |       ||    17
Dodge: Dodged            |    82 |    87 |   260 |   140 ||   569
Block: Kite shield       |       |       |       |   272 ||   272
